 Dungeon Crawl Stone Soup version 0.18.1-2-ga659475 (webtiles) character file.

32399 nubinia the Eclecticist (level 13, -4/69 HPs)
             Began as a Deep Elf Air Elementalist on May 8, 2016.
             Was the Champion of Sif Muna.
             Slain by a death yak (10 damage)
             ... on level 7 of the Lair of Beasts.
             The game lasted 02:37:40 (18915 turns).

nubinia the Eclecticist (DEAE)                     Turns: 18915, Time: 02:37:40

Health: -4/69      AC: 13    Str:  5    XL:     13   Next: 31%
Magic:  7/34       EV: 23    Int: 23    God:    Sif Muna [******]
Gold:   599        SH:  0    Dex: 24    Spells: 11 memorised, 10 levels left

rFire  + + +     SeeInvis .     a - +2 blowgun (evade)
rCold  + . .     Gourm    .     V - +1 leather armour {rC+}
rNeg   . . .     Faith    +     (no shield)
rPois  +         Spirit   .     i - +0 helmet
rElec  .         Dismiss  .     C - +2 cloak {rPois}
rCorr  .         Reflect  .     I - +0 pair of gloves
SustAt .         Harm     .     n - +2 pair of boots "Cilan" {MR+ Stlth+}
MR     ++...                    o - amulet of faith
Stlth  ++++......               E - +4 ring of dexterity
                                H - ring "Aviun" {*Contam +Blink rF+++ Stlth-}

@: repel missiles, very resistant to hostile enchantments, stealthy
A: rugged brown scales 1, agile 1, mutation resistance 1
a: Channel Energy, Forget Spell, Renounce Religion, Evoke Blink


You were on level 7 of the Lair of Beasts.
You worshipped Sif Muna.
Sif Muna was exalted by your worship.
You were not hungry.

You visited 3 branches of the dungeon, and saw 17 of its levels.
You also visited: Labyrinth and Sewer.

You collected 878 gold pieces.
You spent 279 gold pieces at shops.

Inventory:

Hand Weapons
 a - a +2 blowgun of evasion (weapon)
 b - the +11 long sword "Jicuusy" {elec, MR+}
   (You found it on level 6 of the Dungeon)

   Occasionally, upon striking a foe, it will discharge some electrical energy
   and cause terrible harm.
   It affects your resistance to hostile enchantments.
Missiles
 T - 37 poisoned needles (quivered)
Armour
 i - a +0 helmet (worn)
 n - the +2 pair of boots "Cilan" (worn) {MR+ Stlth+}
   (You found it in a labyrinth)

   It affects your resistance to hostile enchantments.
   It makes you more stealthy.
 C - a +2 cloak of poison resistance (worn)
 G - a +2 robe of positive energy
 I - a +0 pair of gloves (worn)
 V - a +1 leather armour of cold resistance (worn)
Rods
 l - a +4 rod of ignition (14/14)
   (You took it off a minotaur in a labyrinth)
 Y - a +9 iron rod (12/12)
   (You found it in a labyrinth)
Jewellery
 k - an uncursed ring of ice
 o - an amulet of faith (around neck)
 A - an uncursed ring of resist corrosion
 E - a +4 ring of dexterity (right hand)
 H - the ring "Aviun" (left hand) {*Contam +Blink rF+++ Stlth-}
   (You found it in a labyrinth)

   [ring of loudness]

   It renders you almost immune to fire.
   It lets you blink.
   It causes magical contamination when unequipped.
   It makes you less stealthy.
 O - an uncursed ring of magical power
 Q - an uncursed ring of fire
 W - an uncursed ring of positive energy
Wands
 c - a wand of acid (5/15)
 d - a wand of lightning (4/15)
 u - a wand of acid (6/15)
 M - a wand of acid (0/15)
 S - a wand of digging (7/24)
 U - a wand of confusion (25/48)
Scrolls
 f - a scroll of fog
 h - 2 scrolls of enchant armour
 j - a scroll of amnesia
 p - 2 scrolls of enchant weapon
 q - 11 scrolls of teleportation
 s - 4 scrolls of recharging
 x - 2 scrolls of fear
 y - 2 scrolls of magic mapping
 K - a scroll of blinking
 P - 4 scrolls of remove curse
 R - 2 scrolls of identify
Potions
 e - 7 potions of curing
 g - a potion of resistance
 r - 5 potions of might
 t - 5 potions of heal wounds
 w - 3 potions of haste
 z - 3 potions of flight
 D - 2 potions of ambrosia
 L - 2 potions of cure mutation
 N - 2 potions of magic
 X - a potion of invisibility
 Z - a potion of beneficial mutation
Miscellaneous
 v - a sack of spiders
Comestibles
 m - 4 chunks of flesh
 F - 13 royal jellies


   Skills:
 + Level 2.2 Fighting
 + Level 2.5 Long Blades
 + Level 2.2 Throwing
 + Level 1.8 Armour
 + Level 7.2 Dodging
 + Level 5.4 Stealth
 * Level 15.8 Spellcasting
 * Level 10.2 Conjurations
 + Level 9.4 Charms
 * Level 5.4 Summonings
 + Level 5.9 Necromancy
 * Level 5.8 Translocations
 + Level 8.5 Air Magic
 - Level 5.0 Invocations
 + Level 0.4 Evocations


You had 10 spell levels left.
You knew the following spells:

 Your Spells              Type           Power        Failure   Level  Hunger
a - Shock                 Conj/Air       ####         1%          1    None
b - Static Discharge      Conj/Air       ######..     1%          3    None
c - Swiftness             Chrm/Air       ######..     1%          2    None
d - Lightning Bolt        Conj/Air       ######....   3%          5    ##.....
e - Summon Lightning Spi  Summ/Air       ######..     3%          4    None
f - Call Canine Familiar  Summ           #####...     1%          3    None
g - Shroud of Golubria    Chrm/Tloc      ######....   1%          2    None
h - Recall                Summ/Tloc      N/A          1%          3    None
r - Repel Missiles        Chrm/Air       ######       1%          2    None
D - Bolt of Draining      Conj/Necr      ######....   6%          5    ##.....
R - Regeneration          Chrm/Necr      ######....   1%          3    None


Dungeon Overview and Level Annotations

Branches:
Dungeon (9/15)             Temple (1/1) D:4            Lair (7/8) D:9
 Shoals (0/4) Lair:6        Snake (0/4) Lair:6        Slime (0/6) Lair:7
    Orc: D:9-12

Altars:
Ashenzari
Dithmenos
Elyvilon
Gozag
Makhleb
Nemelex Xobeh
Qazlal
Ru
Sif Muna
Vehumet
Xom
Yredelemnul
Zin
The Shining One

Shops:
D:5 *   D:7 [

Annotations:
D:9 exclusion: sky beast


Innate Abilities, Weirdness & Mutations

You are partially covered in rugged brown scales (AC +1, +3% HP).
You are agile. (Dex +2)
You are somewhat resistant to further mutation.


Message History

Your skin stops crawling.
Your lightning spire shoots out a bolt of lightning at the death yak!
The bolt of electricity hits the death yak. x2
The death yak dies!
The death yak gores your lightning spire.
Your lightning spire shoots out a bolt of lightning at the death yak!
The bolt of electricity hits the death yak.
The death yak gores your lightning spire but does no damage.
Firing (i - inventory):
T - 38 poisoned needles (quivered)
Press: ? - help, Shift-Dir - straight line, f - death yak
Aim: a death yak (severely wounded, lightly drained)
You shoot a poisoned needle. The poisoned needle hits the death yak.
The death yak is poisoned.
The death yak is severely wounded.
Some of the chunks of flesh in your inventory have rotted away.
The death yak gores you.
* * * LOW HITPOINT WARNING * * *
You fail to use your ability.
The death yak looks more healthy.
The death yak gores you!
You die...

## ## ##.##.#####
#..........#
#......>...#
##.......@.# . ###
#........Y.#
..##.####.........#
.....P.....8......#
...#(..#...(......#
.........†.Y......#
...###.#P.........P#
##. ####....P.#..##
# #......?.##


You could see 2 death yaks and a friendly lightning spire.

Vanquished Creatures
  Nessos (Lair:5)
  Snorg (Lair:5)
  A minotaur (Lab)
  3 hydras
  A death yak (Lair:7)
  Nergalle (Lair:1)
  Pikel (D:8)
  A manticore (D:9)
  5 elephants
  7 spiny frogs
  2 komodo dragons
  A spriggan druid (Lair:5)
  2 polar bears (Lair:5)
  2 blink frogs
  Sigmund (D:2)
  An orc warrior (D:8)
  21 yaks
  Grum (D:9)
  3 hippogriffs
  2 basilisks
  A soldier ant (D:8)
  2 nagas (Lair:6)
  11 water moccasins
  5 porcupines
  Purgy (Sewer)
  3 ice beasts
  A sky beast (D:9)
  A slave (D:8)
  3 black bears
  2 wasps (D:8)
  4 ogres
  3 centaurs
  9 wolves
  9 crocodiles
  A wyvern zombie (D:6)
  2 big kobolds
  7 giant frogs
  6 scorpions
  A wyvern skeleton (D:9)
  7 wights
  2 howler monkeys
  3 crimson imps
  5 hounds
  A centaur skeleton (D:4)
  A giant frog skeleton (D:8)
  An orc priest (D:9)
  Crazy Yiuf (D:4)
  5 jellies
  3 orc wizards
  4 iguanas
  6 worker ants
  3 wolf simulacra (Lair:6)
  5 sheep (Lair:1)
  A hound zombie (D:7)
  A hound skeleton (D:6)
  4 gnolls (D:8)
  19 adders
  13 river rats
  A shadow imp (D:9)
  An ooze (Lair:7)
  2 adder zombies
  3 adder skeletons
  3 worms
  5 giant geckos
  16 orcs
  10 bats
  9 giant cockroaches
  5 goblins
  4 hobgoblins
  2 jackals (D:5)
  5 quokkas
  3 ball pythons
  2 giant gecko skeletons
  8 giant newts
  15 kobolds
  A quokka skeleton (D:5)
  4 rats
  2 river rat simulacra (Lair:6)
  A fungus (Lair:5)
317 creatures vanquished.

Vanquished Creatures (collateral kills)
  3 hydras
  2 death yaks (Lair:7)
  A necromancer (Lair:6)
  3 elephants
  A torpor snail (Lair:4)
  5 spiny frogs
  2 komodo dragons
  14 blink frogs
  28 yaks
  A hippogriff (Lair:6)
  2 nagas (Lair:6)
  9 water moccasins
  A black bear (Lair:5)
  9 wolves
  8 crocodiles
  3 giant frogs
  3 jellies (Lair:7)
  2 yak simulacra (Lair:6)
  2 wolf simulacra (Lair:6)
  2 sheep (Lair:2)
  20 river rats
  2 oozes (Lair:7)
  2 river rat simulacra (Lair:6)
  3 fungi
  A plant (Lair:6)
129 creatures vanquished.

Vanquished Creatures (others)
  2 slaves (D:8)
  A giant frog (Lair:7)
  An orc priest (D:8)
  A kobold (D:8)
  23 fungi
  3 plants
31 creatures vanquished.

Grand Total: 477 creatures vanquished

Notes
Turn   | Place    | Note
--------------------------------------------------------------
     0 | D:1      | nubinia the Deep Elf Air Elementalist began the quest for the Orb.
     0 | D:1      | Reached XP level 1. HP: 10/10 MP: 6/6
   209 | D:1      | Reached XP level 2. HP: 15/15 MP: 5/8
   214 | D:1      | Learned a level 2 spell: Repel Missiles
   220 | D:1      | Learned a level 2 spell: Swiftness
   895 | D:2      | Noticed Sigmund
   969 | D:3      | Reached XP level 3. HP: 19/19 MP: 8/10
   974 | D:3      | Learned a level 3 spell: Static Discharge
  1391 | D:2      | Gained mutation: You have an increased reservoir of magic (+10% MP). [potion of beneficial mutation]
  1598 | D:3      | Reached skill level 4 in Spellcasting
  1601 | D:3      | Reached XP level 4. HP: 17/24 MP: 2/13
  2244 | D:4      | Found a staircase to the Ecumenical Temple.
  2387 | D:4      | Reached skill level 5 in Spellcasting
  2387 | D:4      | Reached XP level 5. HP: 19/28 MP: 9/15
  2567 | D:4      | Found a glowing drain.
  2608 | Sewer    | Entered a sewer
  2735 | Sewer    | Noticed Purgy
  2754 | Sewer    | Killed Purgy
  2754 | Sewer    | Reached XP level 6. HP: 6/32 MP: 1/17
  3097 | Sewer    | Gained mutation: You are partially covered in rugged brown scales (AC +1, +3% HP). [potion of mutation]
  3097 | Sewer    | Gained mutation: You are clumsy. (Dex -2) [potion of mutation]
  3097 | Sewer    | Gained mutation: Your mind is acute. (Int +2) [potion of mutation]
  3221 | Temple   | Entered the Ecumenical Temple
  3264 | Temple   | Became a worshipper of Sif Muna the Loreminder
  3593 | D:4      | Noticed Crazy Yiuf
  3602 | D:4      | Killed Crazy Yiuf
  3972 | D:5      | Entered Level 5 of the Dungeon
  4190 | D:5      | Reached skill level 6 in Spellcasting
  4267 | D:5      | Found Ykenop's Assorted Antiques.
  4279 | D:5      | Bought a scroll of identify for 50 gold pieces
  4279 | D:5      | Bought a scroll of remove curse for 75 gold pieces
  4367 | D:5      | Reached XP level 7. HP: 28/38 MP: 2/20
  4775 | D:6      | Reached skill level 1 in Charms
  4914 | D:6      | Reached * piety under Sif Muna
  4991 | D:6      | Got a bone long sword
  4992 | D:6      | Identified the +11 long sword "Jicuusy" {elec, MR+} (You found it on level 6 of the Dungeon)
  5001 | D:6      | Reached skill level 5 in Air Magic
  5158 | D:6      | Reached skill level 7 in Spellcasting
  5320 | D:6      | Reached ** piety under Sif Muna
  5320 | D:6      | Reached XP level 8. HP: 29/43 MP: 19/23
  5478 | D:5      | Reached skill level 1 in Fighting
  5711 | D:7      | Reached skill level 5 in Conjurations
  5754 | D:7      | Learned a level 5 spell: Lightning Bolt
  5774 | D:7      | Found Bonnaigu's Armour Boutique.
  5779 | D:7      | Bought a +1 leather armour of positive energy for 154 gold pieces
  5936 | D:7      | Reached skill level 8 in Spellcasting
  6267 | D:7      | Reached *** piety under Sif Muna
  6276 | D:7      | Reached skill level 1 in Long Blades
  6466 | D:7      | Reached skill level 9 in Spellcasting
  6466 | D:7      | Reached skill level 5 in Charms
  6466 | D:7      | Reached XP level 9. HP: 48/48 MP: 20/26
  6793 | D:8      | Noticed Pikel
  7164 | D:8      | Reached skill level 1 in Armour
  7178 | D:8      | Reached **** piety under Sif Muna
  7178 | D:8      | Reached skill level 5 in Dodging
  7178 | D:8      | Reached skill level 10 in Spellcasting
  7184 | D:8      | HP: 1/48 [yak (12)]
  7450 | D:9      | Noticed Grum
  7745 | D:8      | Killed Pikel
  7745 | D:8      | Reached ***** piety under Sif Muna
  7887 | D:8      | Reached XP level 10. HP: 53/53 MP: 25/29
  7898 | D:8      | Reached skill level 11 in Spellcasting
  7959 | D:8      | Found a burning altar of Makhleb.
  7959 | D:8      | Found a stormy altar of Qazlal.
  8250 | D:8      | Reached skill level 1 in Invocations
  8604 | D:2      | Killed Sigmund
  8918 | D:9      | Killed Grum
  9059 | D:9      | Found a staircase to the Lair.
  9062 | D:9      | Noticed a manticore
  9597 | D:9      | Killed a manticore
 10093 | Lair:1   | Entered Level 1 of the Lair of Beasts
 10268 | Lair:1   | Found a labyrinth entrance.
 10277 | Lab      | Entered a labyrinth
 11018 | Lab      | Lost mutation: You are clumsy. (Dex -2) [potion of cure mutation]
 11018 | Lab      | Lost mutation: You have an increased reservoir of magic (+10% MP). [potion of cure mutation]
 11018 | Lab      | Lost mutation: Your mind is acute. (Int +2) [potion of cure mutation]
 11018 | Lab      | Lost mutation: You are partially covered in rugged brown scales (AC +1, +3% HP). [potion of cure mutation]
 11019 | Lab      | Gained mutation: You are dopey. (Int -2) [potion of mutation]
 11019 | Lab      | Gained mutation: You have a pair of small horns on your head. [potion of mutation]
 11020 | Lab      | Lost mutation: You are dopey. (Int -2) [potion of cure mutation]
 11020 | Lab      | Lost mutation: You have a pair of small horns on your head. [potion of cure mutation]
 11026 | Lab      | Gained mutation: You are partially covered in rugged brown scales (AC +1, +3% HP). [potion of mutation]
 11026 | Lab      | Gained mutation: You are agile. (Dex +2) [potion of mutation]
 11026 | Lab      | Gained mutation: You are somewhat resistant to further mutation. [potion of mutation]
 11036 | Lab      | Noticed a minotaur
 11052 | Lab      | Killed a minotaur
 11052 | Lab      | Reached ****** piety under Sif Muna
 11052 | Lab      | Received a gift from Sif Muna
 11052 | Lab      | Reached skill level 5 in Stealth
 11060 | Lab      | Identified Sif Muna's Reference Book on the Creative Voyage (Sif Muna gifted it to you in a labyrinth)
 11085 | Lab      | Learned a level 2 spell: Shroud of Golubria
 11085 | Lab      | Got a pair of slimy boots
 11096 | Lab      | Identified the +2 pair of boots "Cilan" {MR+ Stlth+} (You found it in a labyrinth)
 11097 | Lab      | Got a steaming bone ring
 11099 | Lab      | Identified the ring "Aviun" {*Contam +Blink rF+++ Stlth-} (You found it in a labyrinth)
 11114 | Lab      | Identified Zuif's Catalogue of Unstable Calling (You found it in a labyrinth)
 11120 | Lab      | Learned a level 4 spell: Summon Lightning Spire
 11120 | Lab      | Got a crude scale mail
 11123 | Lab      | Identified a +4 rod of ignition (14/14) (You took it off a minotaur in a labyrinth)
 11261 | Lair:1   | Reached skill level 12 in Spellcasting
 11417 | D:6      | Identified the +1 scale mail "Duybb" {Str+7} (You found it in a labyrinth)
 11749 | Lair:1   | Reached XP level 11. HP: 35/58 MP: 16/29
 12037 | Lair:1   | Noticed Nergalle
 12039 | Lair:1   | Killed Nergalle
 12067 | Lair:1   | Learned a level 3 spell: Call Canine Familiar
 12071 | Lair:1   | Reached skill level 1 in Translocations
 12161 | Lair:1   | Reached skill level 1 in Summonings
 12552 | Lair:1   | Learned a level 3 spell: Recall
 13023 | Lair:2   | Reached skill level 13 in Spellcasting
 13166 | Lair:2   | Received a gift from Sif Muna
 13174 | Lair:2   | Learned a level 5 spell: Bolt of Draining
 13343 | Lair:2   | Reached skill level 1 in Necromancy
 13551 | Lair:3   | Noticed a four-headed hydra
 13648 | Lair:3   | Killed a four-headed hydra
 13693 | Lair:3   | Reached skill level 5 in Necromancy
 13818 | Lair:3   | Got a distressingly furry leather armour
 13829 | Lair:3   | Identified the cursed +1 leather armour "Wobuimeth" {rF+} (You found it on level 3 of the Lair of Beasts)
 13969 | Lair:3   | Noticed a five-headed hydra
 13977 | Lair:3   | Killed a five-headed hydra
 14540 | Lair:4   | Got a crystal long sword
 14563 | Lair:4   | Noticed an eight-headed hydra
 14569 | Lair:4   | Killed an eight-headed hydra
 14569 | Lair:4   | Reached XP level 12. HP: 63/63 MP: 27/31
 15268 | Lair:4   | Received a gift from Sif Muna
 15277 | Lair:4   | Reached skill level 14 in Spellcasting
 15293 | Lair:4   | Identified Efued's Volume of the Rocks and Sinister Secrets (Sif Muna gifted it to you on level 4 of the Lair of Beasts)
 15715 | Lair:5   | Reached skill level 1 in Throwing
 15954 | Lair:5   | Noticed Snorg
 16340 | Lair:5   | Noticed Nessos
 16349 | Lair:5   | Killed Nessos
 16438 | Lair:5   | Killed Snorg
 16989 | Lair:5   | Received a gift from Sif Muna
 17001 | Lair:5   | Learned a level 3 spell: Regeneration
 17170 | Lair:5   | Noticed a four-headed hydra
 17186 | Lair:5   | Killed a four-headed hydra
 17186 | Lair:5   | Reached skill level 15 in Spellcasting
 17487 | Lair:6   | Reached skill level 5 in Translocations
 17605 | Lair:6   | Noticed a four-headed hydra
 17608 | Lair:6   | Killed a four-headed hydra
 17714 | Lair:6   | Noticed a four-headed hydra
 17719 | Lair:6   | Killed a four-headed hydra
 17719 | Lair:6   | Reached skill level 5 in Invocations
 17719 | Lair:6   | Reached XP level 13. HP: 67/67 MP: 5/34
 17734 | Lair:6   | Found a staircase to the Shoals.
 17923 | Lair:6   | Reached skill level 10 in Conjurations
 18046 | Lair:6   | Found a staircase to the Snake Pit.
 18299 | Lair:6   | Reached skill level 5 in Summonings
 18752 | Lair:7   | Found a staircase to the Slime Pits.
 18915 | Lair:7   | Slain by a death yak

Skill      XL: |  1  2  3  4  5  6  7  8  9 10 11 12 13 |
---------------+----------------------------------------+-----
Spellcasting   | 4 5 6 7 9 10 12 13 15 | 15.8
Air Magic      | 4 5 6 7 8 |  8.5
Conjurations   | 2 3 4 5 7 8 9 10 | 10.2
Dodging        | 3 4 5 6 7 |  7.2
Stealth        | 3 4 5 |  5.4
Charms         | 3 5 6 8 9 |  9.4
Fighting       | 1 2 |  2.2
Long Blades    | 1 2 |  2.5
Armour         | 1 |  1.8
Invocations    | 2 4 5 |  5.0
Translocations | 2 5 |  5.8
Summonings     | 2 4 5 |  5.4
Necromancy     | 5 |  5.9
Throwing       | 1 2 |  2.2
Evocations     | |  0.4

Action                   |  1- 3 |  4- 6 |  7- 9 | 10-12 | 13-15 || total
-------------------------+-------+-------+-------+-------+-------++-------
Melee: Short sword       |     7 |     5 |       |       |       ||    12
       Long sword        |       |     9 |    93 |   111 |    35 ||   248
 Fire: Blowgun           |       |       |       |   136 |    28 ||   164
 Cast: Shock             |    68 |    93 |   211 |   365 |    48 ||   785
       Repel Missiles    |     1 |       |       |     2 |       ||     3
       Swiftness         |     1 |       |     2 |     4 |       ||     7
       Static Discharge  |       |     9 |     9 |    41 |     2 ||    61
       Lightning Bolt    |       |       |     1 |    19 |       ||    20
       Shroud of Golubri |       |       |       |    24 |     9 ||    33
       Summon Lightning  |       |       |       |    65 |    18 ||    83
       Bolt of Draining  |       |       |       |    26 |    11 ||    37
       Call Canine Famil |       |       |       |    15 |    11 ||    26
       Recall            |       |       |       |     2 |       ||     2
       Regeneration      |       |       |       |     3 |     8 ||    11
Invok: Channel Energy    |       |       |     5 |   109 |    51 ||   165
Evoke: Wand              |       |     4 |       |     4 |     2 ||    10
       Rod               |       |       |       |     3 |       ||     3
  Use: Scroll            |     5 |    16 |       |     9 |     1 ||    31
       Potion            |     1 |     6 |     2 |     8 |       ||    17
 Stab: Sleeping          |     3 |       |     6 |     2 |     1 ||    12
       Distracted        |       |       |       |     2 |     1 ||     3
  Eat: Chunk             |     2 |     4 |    13 |    48 |    12 ||    79
       Bread ration      |       |     1 |       |       |       ||     1
       Beef jerky        |       |       |       |     2 |       ||     2
       Pizza             |       |       |       |     1 |       ||     1
Armor: Robe              |     3 |    10 |    17 |    39 |       ||    69
       Leather armour    |       |       |    35 |    44 |    22 ||   101
Dodge: Dodged            |    16 |    21 |   101 |   360 |    99 ||   597
       Deflected         |       |       |       |     4 |     2 ||     6
